 Dungeon Crawl Stone Soup version 0.21-a0-528-gf531e82 (webtiles) character file.

8 teukkam the Bolt Thrower (level 2, 0/23 HPs)
             Began as a Gnoll Wanderer on Dec 8, 2017.
             Slain by a jackal (1 damage)
             ... on level 1 of the Dungeon.
             The game lasted 00:02:04 (211 turns).

teukkam the Bolt Thrower (Gnoll Wanderer)            Turns: 211, Time: 00:02:04

Health: 0/23       AC:  5    Str: 17    XL:     2   Next: 8%
Magic:  5/5        EV: 10    Int: 11    God:
Gold:   30         SH:  0    Dex: 14    Spells: 6/6 levels left

rFire    + . .     SeeInvis .   b - -3 club (curse)
rCold    + . .     Gourm    .   (no shield)
rNeg     . . .     Faith    .   h - +0 ring mail
rPois    +         Spirit   .   (no helmet)
rElec    +         Reflect  .   (no cloak)
rCorr    +         Harm     .   (no gloves)
MR       .....                  (no boots)
Stlth    +.........             (no amulet)
HPRegen  0.07/turn              (no ring)
MPRegen  0.09/turn              (no ring)

@: resistant
A: distributed training, fangs 1, strong nose
a: no special abilities


You were on level 1 of the Dungeon.
You were not hungry.

You visited 1 branch of the dungeon, and saw 1 of its levels.

You collected 30 gold pieces.

Inventory:

Hand Weapons
 a - a +0 hand crossbow
 b - a cursed -3 club (weapon)
Missiles
 d - 20 bolts
Armour
 h - a +0 ring mail (worn)
Wands
 c - a wand of paralysis (15)
Scrolls
 i - a scroll of enchant armour {unknown}
Comestibles
 f - a bread ration
 g - a royal jelly


   Skills:
 + Level 2.4 Fighting
 + Level 0.2 Short Blades
 + Level 0.2 Long Blades
 + Level 0.2 Axes
 + Level 0.2 Maces & Flails
 + Level 0.2 Polearms
 + Level 0.2 Staves
 + Level 0.2 Slings
 + Level 0.2 Bows
 + Level 6.4 Crossbows
 + Level 2.4 Throwing
 + Level 2.4 Armour
 + Level 0.2 Dodging
 + Level 0.2 Stealth
 + Level 0.2 Shields
 + Level 0.2 Unarmed Combat
 + Level 2.6 Spellcasting
 + Level 3.6 Conjurations
 + Level 0.1 Hexes
 + Level 0.1 Charms
 + Level 0.1 Summonings
 + Level 0.1 Necromancy
 + Level 0.1 Translocations
 + Level 0.1 Transmutations
 + Level 0.1 Fire Magic
 + Level 0.1 Ice Magic
 + Level 0.1 Air Magic
 + Level 0.1 Earth Magic
 + Level 0.1 Poison Magic
 + Level 0.3 Invocations
 + Level 2.4 Evocations


You had 6 spell levels left.
You didn't know any spells.

Dungeon Overview and Level Annotations

Branches:
Dungeon (1/15)

Altars:


Innate Abilities, Weirdness & Mutations

Your experience applies equally to all skills.
You have very sharp teeth.
Your uncanny sense of smell can sniff out nearby items.


Message History

Found 12 gold pieces.
Found a scale mail.
The kobold throws a stone.
The stone completely misses you.
Found a stone staircase leading down.
You see here a stone.
The jackal bites you.
* * * LOW HITPOINT WARNING * * *
It was a potion of resistance.
You feel protected.
The jackal bites you but does no damage.
The jackal closely misses you. The jackal barely misses you.
You barely miss the jackal.
The jackal is moderately wounded.
The jackal bites you.
* * * LOW HITPOINT WARNING * * *
The jackal closely misses you.
You barely miss the jackal. You bite the jackal, but do no damage.
The jackal bites you.
You die...

........................
.................$.>... .
#..............?......
..#...... .[..........
........####..##.#...
.................#.##...
.............(.Kh.......
..#..#†##'##+###h#.##.. ..#.
#........##@#.##..# ....
#........##.#.....##
.....#........##........
..............##.#..#..#
.....##.......##.#..#..#
..... #.......####..#..#
h.K..##.........##..#..#
.......................#####
...........................#


You could see 2 jackals and a kobold.

Vanquished Creatures
  A leopard gecko (D:1)
  2 hobgoblins (D:1)
  2 jackals (D:1)
  A bat (D:1)
6 creatures vanquished.

Notes
Turn   | Place    | Note
-------+----------+-------------------------------------------
     0 | D:1      | teukkam the Gnoll Wanderer began the quest for the Orb.
     0 | D:1      | teukkam set off with: a wand of paralysis (15), a +0 ring mail, a +0 hand crossbow, 22 bolts, a bread ration
     0 | D:1      | Reached XP level 1. HP: 17/17 MP: 4/4
   184 | D:1      | Reached XP level 2. HP: 20/23 MP: 5/5
   210 | D:1      | HP: 1/23 [jackal (2)]
   211 | D:1      | Slain by a jackal

Vault maps used:
D:1:      sevenhm_arrival_forest_fort_small_4

Action                   || total
-------------------------++-------
Melee: Club              ||    21
       Bite              ||     6
 Fire: Hand crossbow     ||     8
  Use: Potion            ||     1
Armor: Ring mail         ||    27
Dodge: Dodged            ||    40

Table legend:
 A = Spawn XP
 B = Non-spawn XP
 C = Spawn XP percentage of total XP
 D = Spawn monster count
 E = Non-spawn monster count
 F = Spawn count percentage of total count
 G = Total turns spent on level
                    A         B        C        D         E        F      G
               +---------+---------+-------+---------+---------+-------+---------
         Total |       0 |      12 |   0.0 |       0 |       6 |   0.0 |   211
               +---------+---------+-------+---------+---------+-------+---------
           D:1 |       0 |      12 |   0.0 |       0 |       6 |   0.0 |   211
               +---------+---------+-------+---------+---------+-------+---------
